TOP OF THE 1ST |
Capital District Red Knights batting - Pitching for Kingston Township Legion : RHP Jon Briddon
|
Pitching: RHP Jon Briddon
|
|
Batting: LHB Arturo Hernández
|
0-0: Ball 1-0: Ball 2-0: Called Strike 2-1: Ball 3-1: Foul Ball, location: 2F 3-2: SINGLE (Flyball, 7S)
|
Batting: RHB Shawn Hicks
|
0-0: DOUBLE (Line Drive, 8LXD) Arturo Hernández to third Runner from 3rd tries for Home, SAFE, no throw or cutoff
|
Batting: SHB Joreão Canosa
|
0-0: Swinging Strike 0-1: Swinging Strike 0-2: Strikes out looking
|
Batting: RHB Barry Dempsey
|
0-0: Called Strike 0-1: Ball 1-1: Foul Ball, location: 2F 1-2: SINGLE (Groundball, 34D) Shawn Hicks to third Runner from 3rd tries for Home, SAFE, no throw or cutoff
|
Batting: RHB Tom Christensen
|
0-0: Called Strike 0-1: Ball 1-1: Swinging Strike 1-2: Ball 2-2: Strikes out swinging
|
Batting: RHB Martin Young
|
0-0: Ground out 5-3 (Groundball, 56)
|
Top of the 1st over - 2 run(s), 3 hit(s), 0 error(s), 1 left on base; Capital District 2 - Kingston Township 0 |
BOTTOM OF THE 1ST |
Kingston Township Legion batting - Pitching for Capital District Red Knights : RHP Reed Taylor
|
Pitching: RHP Reed Taylor
|
|
Batting: LHB Forrest McCooke
|
0-0: Called Strike 0-1: Bunt for hit - play at first, batter OUT! 1-3
|
Batting: RHB Ernie McPherson
|
0-0: Foul Ball, location: 2F 0-1: Fly out, F8 (Flyball, 8RS)
|
Batting: RHB Layton Templeman
|
0-0: Called Strike 0-1: Ball 1-1: DOUBLE (Flyball, 89M)
|
Batting: LHB Clay Rush
|
0-0: Ball 1-0: Fly out, F7 (Flyball, 7M)
|
Bottom of the 1st over - 0 run(s), 1 hit(s), 0 error(s), 1 left on base; Capital District 2 - Kingston Township 0 |
TOP OF THE 2ND |
Capital District Red Knights batting - Pitching for Kingston Township Legion : RHP Jon Briddon
|
Batting: RHB Louis Henderson
|
0-0: Swinging Strike 0-1: Swinging Strike 0-2: Strikes out swinging
|
Batting: RHB Manny Carbajal
|
0-0: Called Strike 0-1: Called Strike 0-2: Ball 1-2: Fly out, F9 (Flyball, 9M)
|
Batting: LHB Arturo Acosta
|
0-0: Ball 1-0: Ball 2-0: Foul Ball, location: 2F 2-1: SINGLE (Line Drive, 78M)
|
Batting: LHB Arturo Hernández
|
0-0: Called Strike 0-1: Foul Ball, location: 2F 0-2: Foul Ball, location: 2F 0-2: Ball 1-2: Foul Ball, location: 2F 1-2: Ball 2-2: Foul Ball, location: 2F 2-2: Foul Ball, location: 2F 2-2: Ball 3-2: Ground out 1-3 (Groundball, 15)
|
Top of the 2nd over - 0 run(s), 1 hit(s), 0 error(s), 1 left on base; Capital District 2 - Kingston Township 0 |
BOTTOM OF THE 2ND |
Kingston Township Legion batting - Pitching for Capital District Red Knights : RHP Reed Taylor
|
Batting: RHB Pedro Mendoza
|
0-0: Ball 1-0: Called Strike 1-1: Foul Ball, location: 2F 1-2: Ball 2-2: Strikes out looking
|
Batting: RHB Pete Knight
|
0-0: Called Strike 0-1: Ball 1-1: SINGLE (Flyball, 89S)
|
Batting: LHB Martín Núñes
|
0-0: Called Strike 0-1: Ball 1-1: Ball 2-1: Ball 3-1: Grounds into double play, 1-6-3 (Groundball, 13)
|
Bottom of the 2nd over - 0 run(s), 1 hit(s), 0 error(s), 0 left on base; Capital District 2 - Kingston Township 0 |
TOP OF THE 3RD |
Capital District Red Knights batting - Pitching for Kingston Township Legion : RHP Jon Briddon
|
Batting: RHB Shawn Hicks
|
0-0: Bunt missed! 0-1: Foul Ball, location: 2F 0-2: Ball 1-2: Fly out, F8 (Flyball, 8LM)
|
Batting: SHB Joreão Canosa
|
0-0: Ball 1-0: Foul Ball, location: 2F 1-1: Called Strike 1-2: Ball 2-2: Strikes out swinging
|
Batting: RHB Barry Dempsey
|
0-0: Foul Ball, location: 2F 0-1: Foul Ball, location: 2F 0-2: Strikes out looking
|
Top of the 3rd over - 0 run(s), 0 hit(s), 0 error(s), 0 left on base; Capital District 2 - Kingston Township 0 |
BOTTOM OF THE 3RD |
Kingston Township Legion batting - Pitching for Capital District Red Knights : RHP Reed Taylor
|
Batting: RHB José Icaza
|
0-0: Ground out 6-3 (Groundball, 6)
|
Batting: RHB Jon Erickson
|
0-0: Ball 1-0: Ground out 5-3 (Groundball, 5)
|
Batting: LHB Forrest McCooke
|
0-0: Ball 1-0: Ball 2-0: Foul Ball, location: 2F 2-1: Bunted foul 2-2: Foul Ball, location: 2F 2-2: Ball 3-2: Fly out, F2 (Popup, 2R)
|
Bottom of the 3rd over - 0 run(s), 0 hit(s), 0 error(s), 0 left on base; Capital District 2 - Kingston Township 0 |
TOP OF THE 4TH |
Capital District Red Knights batting - Pitching for Kingston Township Legion : RHP Jon Briddon
|
Batting: RHB Tom Christensen
|
0-0: Ball 1-0: Foul Ball, location: 2F 1-1: Swinging Strike 1-2: Strikes out swinging
|
Batting: RHB Martin Young
|
0-0: Ball 1-0: SINGLE (Groundball, 4MD)
|
Batting: RHB Louis Henderson
|
0-0: Ball 1-0: Ball 2-0: Called Strike Martin Young steals 2nd base 2-1: Intentional Walk
|
Batting: RHB Manny Carbajal
|
0-0: Foul Ball, location: 2F 0-1: SINGLE (Groundball, 34D) Martin Young to third Louis Henderson to second Runner from 3rd tries for Home, SAFE, no throw or cutoff
|
Batting: LHB Arturo Acosta
|
0-0: Called Strike 0-1: Ball Wild Pitch! Louis Henderson to third Manny Carbajal to second 1-1: Ground out U3 (Groundball, 3S)
|
Batting: LHB Arturo Hernández
|
0-0: Intentional Walk
|
Batting: RHB Shawn Hicks
|
0-0: Ball 1-0: Ball 2-0: Ball Wild Pitch! Louis Henderson scores Manny Carbajal to third Arturo Hernández to second 3-0: Called Strike 3-1: Base on Balls
|
Batting: SHB Joreão Canosa
|
0-0: SINGLE (Line Drive, 9LS) Manny Carbajal scores Arturo Hernández to third Shawn Hicks to second Runner from 3rd tries for Home, SAFE, no throw or cutoff
|
Batting: RHB Barry Dempsey
|
0-0: Called Strike 0-1: Called Strike 0-2: Ball 1-2: Foul Ball, location: 2F 1-2: Ball 2-2: Strikes out swinging
|
Top of the 4th over - 4 run(s), 3 hit(s), 0 error(s), 2 left on base; Capital District 6 - Kingston Township 0 |
BOTTOM OF THE 4TH |
Kingston Township Legion batting - Pitching for Capital District Red Knights : RHP Reed Taylor
|
Batting: RHB Ernie McPherson
|
0-0: Fly out, F9 (Flyball, 9LM)
|
Batting: RHB Layton Templeman
|
0-0: Called Strike 0-1: SINGLE (Line Drive, 34)
|
Batting: LHB Clay Rush
|
0-0: Ball 1-0: Ball 2-0: Foul Ball, location: 2F 2-1: Foul Ball, location: 2F 2-2: SINGLE (Groundball, 4MD) Layton Templeman to second Runner from 2nd tries for 3rd, SAFE, throw made to third
|
Batting: RHB Pedro Mendoza
|
0-0: Ball 1-0: SINGLE (Line Drive, 7LS) Layton Templeman scores Clay Rush to second
|
Batting: RHB Pete Knight
|
0-0: Called Strike 0-1: Swinging Strike 0-2: Ball 1-2: Strikes out looking
|
Batting: LHB Martín Núñes
|
0-0: Ball 1-0: Foul Ball, location: 2F 1-1: Called Strike 1-2: Ground out U3 (Groundball, 3)
|
Bottom of the 4th over - 1 run(s), 3 hit(s), 0 error(s), 2 left on base; Capital District 6 - Kingston Township 1 |
TOP OF THE 5TH |
Capital District Red Knights batting - Pitching for Kingston Township Legion : RHP Jon Briddon
|
Batting: RHB Tom Christensen
|
0-0: Called Strike 0-1: Ball 1-1: Ball 2-1: Ball 3-1: Fly out, F4 (Popup, 34D)
|
Batting: RHB Martin Young
|
0-0: Called Strike 0-1: Foul Ball, location: 2F 0-2: Ground out 4-3 (Groundball, 4)
|
Batting: RHB Louis Henderson
|
0-0: Fly out, F3 (Popup, 2L)
|
Top of the 5th over - 0 run(s), 0 hit(s), 0 error(s), 0 left on base; Capital District 6 - Kingston Township 1 |
BOTTOM OF THE 5TH |
Kingston Township Legion batting - Pitching for Capital District Red Knights : RHP Reed Taylor
|
Batting: RHB José Icaza
|
0-0: Called Strike 0-1: SOLO HOME RUN (Line Drive, 78XD), Distance : 459 ft
|
Batting: RHB Jon Erickson
|
0-0: Called Strike 0-1: Ball 1-1: Called Strike 1-2: Strikes out looking
|
Batting: LHB Forrest McCooke
|
0-0: Swinging Strike 0-1: Foul Ball, location: 2F 0-2: SINGLE (Groundball, 6MD)
|
Batting: RHB Ernie McPherson
|
0-0: Ball 1-0: Called Strike 1-1: Ball 2-1: Ball 3-1: DOUBLE (Groundball, 5L) Forrest McCooke to third Runner from 3rd tries for Home, SAFE, no throw or cutoff
|
Batting: RHB Layton Templeman
|
0-0: Called Strike 0-1: Ball Passed Ball! Ernie McPherson to third 1-1: Ball 2-1: Ball 3-1: Base on Balls
|
Batting: LHB Clay Rush
|
0-0: Called Strike 0-1: Called Strike 0-2: Ball 1-2: DOUBLE (Flyball, 8RM) Ernie McPherson scores Layton Templeman to third
|
Batting: RHB Pedro Mendoza
|
0-0: Called Strike 0-1: Ground out 6-3 (Groundball, 6) Layton Templeman scores
|
Batting: RHB Pete Knight
|
0-0: Ball 1-0: Ground out 4-3 (Groundball, 4)
|
Bottom of the 5th over - 4 run(s), 4 hit(s), 0 error(s), 1 left on base; Capital District 6 - Kingston Township 5 |
TOP OF THE 6TH |
Capital District Red Knights batting - Pitching for Kingston Township Legion : RHP Jon Briddon
|
Batting: RHB Manny Carbajal
|
0-0: Ball 1-0: Foul Ball, location: 2F 1-1: Ground out 6-3 (Groundball, 6)
|
Batting: LHB Arturo Acosta
|
0-0: Called Strike 0-1: Ball 1-1: Called Strike 1-2: Strikes out looking
|
Batting: LHB Arturo Hernández
|
0-0: DOUBLE (Line Drive, 89M)
|
Batting: RHB Shawn Hicks
|
0-0: Fly out, F6 (Popup, 6D)
|
Top of the 6th over - 0 run(s), 1 hit(s), 0 error(s), 1 left on base; Capital District 6 - Kingston Township 5 |
BOTTOM OF THE 6TH |
Kingston Township Legion batting - Pitching for Capital District Red Knights : RHP Reed Taylor
|
Batting: LHB Martín Núñes
|
0-0: Ball 1-0: Foul Ball, location: 2F 1-1: Swinging Strike 1-2: Ball 2-2: SINGLE (Groundball, 56D)
|
Pitching: RHP Lou Lowry
|
|
Batting: RHB José Icaza
|
0-0: Sac Bunt - play at first, batter OUT! U3 Martín Núñes to second
|
Batting: RHB Jon Erickson
|
0-0: Ball 1-0: Ball 2-0: Called Strike Martín Núñes steals 3rd base 2-1: SINGLE (Groundball, 5L) Martín Núñes scores
|
Batting: LHB Forrest McCooke
|
0-0: Ball 1-0: Called Strike Jon Erickson is caught stealing 2nd base 1-1: Ball 2-1: Foul Ball, location: 2F 2-2: Ball 3-2: Foul Ball, location: 2F 3-2: SINGLE (Groundball, 6MD)
|
Batting: RHB Ernie McPherson
|
0-0: Called Strike 0-1: Ball 1-1: Ball 2-1: Fly out, F4 (Line Drive, 4)
|
Bottom of the 6th over - 1 run(s), 3 hit(s), 0 error(s), 1 left on base; Capital District 6 - Kingston Township 6 |
TOP OF THE 7TH |
Capital District Red Knights batting - Pitching for Kingston Township Legion : RHP Jon Briddon
|
Batting: SHB Joreão Canosa
|
0-0: Ball 1-0: Foul Ball, location: 2F 1-1: Fly out, F7 (Flyball, 7S)
|
Batting: RHB Barry Dempsey
|
0-0: Called Strike 0-1: Ball 1-1: Foul Ball, location: 2F 1-2: Ball 2-2: Strikes out swinging
|
Batting: RHB Tom Christensen
|
0-0: Called Strike 0-1: Foul Ball, location: 2F 0-2: Ball 1-2: Ball 2-2: Fly out, F9 (Line Drive, 89M)
|
Top of the 7th over - 0 run(s), 0 hit(s), 0 error(s), 0 left on base; Capital District 6 - Kingston Township 6 |
BOTTOM OF THE 7TH |
Kingston Township Legion batting - Pitching for Capital District Red Knights : RHP Lou Lowry
|
Batting: RHB Layton Templeman
|
0-0: Called Strike 0-1: Called Strike 0-2: Ball 1-2: Ball 2-2: Foul Ball, location: 2F 2-2: Fly out, F9 (Line Drive, 89S)
|
Batting: LHB Clay Rush
|
0-0: Ball 1-0: Ball 2-0: Ball 3-0: Base on Balls
|
Batting: RHB Pedro Mendoza
|
0-0: Ball 1-0: Foul Ball, location: 2F 1-1: Ball 2-1: SINGLE (Groundball, 56S) Clay Rush to second
|
Pinch Runner at 2nd Ben Daniel:
|
|
Batting: RHB Pete Knight
|
0-0: Called Strike 0-1: Ball 1-1: Foul Ball, location: 2F 1-2: Ball 2-2: Ball 3-2: Base on Balls Ben Daniel to third Pedro Mendoza to second
|
Batting: LHB Martín Núñes
|
0-0: Foul Ball, location: 2F 0-1: Ball 1-1: Ball 2-1: Foul Ball, location: 2F 2-2: Fly out, F9 (Line Drive, 89M) Runner from 3rd tags up, SCORES, no throw
|
Pinch Runner at 2nd Bruce Hunt:
|
|
Batting: RHB José Icaza
|
0-0: Ball 1-0: Ball 2-0: Called Strike 2-1: Called Strike 2-2: Strikes out swinging
|
Bottom of the 7th over - 1 run(s), 1 hit(s), 0 error(s), 2 left on base; Capital District 6 - Kingston Township 7 |
TOP OF THE 8TH |
Capital District Red Knights batting - Pitching for Kingston Township Legion : RHP Jon Briddon
|
Now in LF: Bruce Hunt
|
|
Now in CF: Ben Daniel
|
|
Batting: RHB Martin Young
|
0-0: Called Strike 0-1: Fly out, F4 (Popup, 34D)
|
Batting: RHB Louis Henderson
|
0-0: Ball 1-0: Ball 2-0: Called Strike 2-1: Foul Ball, location: 2F 2-2: Strikes out swinging
|
Batting: RHB Manny Carbajal
|
0-0: Called Strike 0-1: Foul Ball, location: 2F 0-2: Ball 1-2: Foul Ball, location: 2F 1-2: Fly out, F8 (Flyball, 8LS)
|
Top of the 8th over - 0 run(s), 0 hit(s), 0 error(s), 0 left on base; Capital District 6 - Kingston Township 7 |
BOTTOM OF THE 8TH |
Kingston Township Legion batting - Pitching for Capital District Red Knights : RHP Lou Lowry
|
Batting: RHB Jon Erickson
|
0-0: Ground out 6-3 (Groundball, 6M)
|
Batting: LHB Forrest McCooke
|
0-0: SINGLE (Groundball, 4MD)
|
Pitching: RHP Reynaldo Díaz
|
|
Batting: RHB Ernie McPherson
|
0-0: Called Strike Forrest McCooke is caught stealing 2nd base 0-1: Ball 1-1: Reached on error, E4 (Groundball, 4)
|
Batting: RHB Layton Templeman
|
0-0: Ball 1-0: Foul Ball, location: 2F 1-1: SINGLE (Groundball, 56) Ernie McPherson to third Runner from 3rd tries for Home, throw and OUT!
|
Bottom of the 8th over - 0 run(s), 2 hit(s), 1 error(s), 1 left on base; Capital District 6 - Kingston Township 7 |
TOP OF THE 9TH |
Capital District Red Knights batting - Pitching for Kingston Township Legion : RHP Jon Briddon
|
Pitching: RHP Albert Días
|
|
Pinch Hitting: LHB Stan Lewis
|
0-0: Ball 1-0: SINGLE (Groundball, 34D)
|
Batting: LHB Arturo Hernández
|
0-0: Ball 1-0: Bunted foul 1-1: Bunted foul 1-2: Fielders Choice at 2nd, 4-6 (Groundball, 4D)
|
Batting: RHB Shawn Hicks
|
0-0: Ball Arturo Hernández is caught stealing 2nd base 1-0: Ball 2-0: Ball 3-0: Called Strike 3-1: Ground out 5-3 (Groundball, 56S)
|
Top of the 9th over - 0 run(s), 1 hit(s), 0 error(s), 0 left on base; Capital District 6 - Kingston Township 7 |
|